 Dungeon Sprint DCSS version 0.28.0-43-g3370ac3207 (webtiles) character file.

Game seed: 12631225684124266983

469 boopmooplesden the Protected (level 6, -10/67 HPs)
             Began as a Minotaur Fighter on Mar 30, 2022.
             Mangled by a neqoxec (12 damage)
             ... in the Dungeon (Sprint II: "The Violet Keep of Menkaure").
             The game lasted 00:00:27 (221 turns).

boopmooplesden the Protected (Minotaur Fighter)      Turns: 221, Time: 00:00:28

Health: -10/67     AC:  8    Str: 20    XL:     6   Next: 82%
Magic:  4/4        EV:  9    Int:  5    God:
Gold:   243        SH:  6    Dex: 12    Spells: 5/5 levels left

rFire   . . .      SeeInvis .   a - +0 war axe
rCold   . . .      Faith    .   c - +0 buckler
rNeg    . . .      Spirit   .   b - +0 scale mail
rPois   .          Reflect  .   (helmet restricted)
rElec   .          Harm     .   (no cloak)
rCorr   .          Rampage  .   (no gloves)
Will    .....      Rage     1%  (no boots)
Stlth   .......... NoTele   +   (no amulet)
HPRegen 0.21/turn               (no ring)
MPRegen 0.09/turn               (no ring)

@: no status effects
A: horns 2, retaliatory headbutt, berserk 1, low MP 1
a: no special abilities


You were in the Dungeon.
You visited 1 branch You collected 243 gold pieces.

Inventory:

Hand Weapons
 a - a +0 war axe (weapon)
Armour
 b - a +0 scale mail (worn)
 c - a +0 buckler (worn)
Scrolls
 j - a scroll of blinking
Potions
 e - a potion of curing
 f - a potion of heal wounds
 g - a potion of haste
 h - 2 potions of magic
 i - a potion of berserk rage


   Skills:
 + Level 10.4 Fighting
 + Level 6.2 Axes
 + Level 10.6 Armour
 + Level 9.7 Shields


You had 5 spell levels left.
You didn't know any spells.
Your spell library was empty.

Dungeon Overview and Level Annotations

Branches:
Dungeon (1/1)

Altars:


Innate Abilities, Weirdness & Mutations

You have a pair of horns on your head.
You reflexively headbutt those who attack you in melee.
You tend to lose your temper in combat.
Your magical capacity is low. (-10% MP)


Message History

The neqoxec barely misses you.
The neqoxec hits you but does no damage.
You closely miss the neqoxec.
The neqoxec is lightly wounded.
The neqoxec hits you!
* * * LOW HITPOINT WARNING * * *
You slash the neqoxec!
The neqoxec is heavily wounded.
The neqoxec gestures at you.
Something tries to feed on your intellect!
The neqoxec hits you but does no damage.
You barely miss the neqoxec.
The neqoxec is heavily wounded.
The neqoxec gestures at you.
You feel dopey. Something feeds on your intellect!
The neqoxec barely misses you. The neqoxec gestures at you.
Something tries to feed on your intellect!
The neqoxec hits you!
* * * LOW HITPOINT WARNING * * *
You hit the neqoxec. You headbutt the neqoxec!
The neqoxec is severely wounded.
You block the neqoxec's attack.
You barely miss the neqoxec.
The neqoxec is severely wounded.
The neqoxec barely misses you.
You closely miss the neqoxec. You headbutt the neqoxec!
You kill the neqoxec!
You feel your intelligence returning.
Your Fighting skill increases to level 10!
Your Axes skill increases to level 6!
Your Armour skill increases to level 10!
You hit the neqoxec.
The neqoxec is moderately wounded.
The neqoxec hits you.
* * * LOW HITPOINT WARNING * * *
The neqoxec gestures at you.
Something tries to feed on your intellect!
The neqoxec hits you!
You die...

##+##
##...##
#..#..#
##.#.## #
##†## .##
##.##B..#
+.<.+#
##@##B..#
#3# .##
#33.# #
#.##..#
## ###


You could see 3 neqoxecs.

Vanquished Creatures
  A neqoxec (D)
  4 necrophages (D)
5 creatures vanquished.

Notes
Turn   | Place    | Note
-------+----------+-------------------------------------------
     0 | D        | boopmooplesden the Minotaur Fighter began the quest for the
                  | Orb.
     0 | D        | Reached XP level 1. HP: 19/19 MP: 0/0
     1 | D        | Noticed a boulder beetle
     1 | D        | Noticed a boulder beetle
     4 | D        | Noticed a necrophage
     4 | D        | Noticed a necrophage
     4 | D        | Noticed a necrophage
     4 | D        | Noticed a necrophage
    13 | D        | Killed a necrophage
    14 | D        | Reached XP level 2. HP: 19/31 MP: 1/1
    14 | D        | Reached XP level 3. HP: 23/38 MP: 2/2
    14 | D        | Reached XP level 4. HP: 28/45 MP: 3/3
    15 | D        | Killed a necrophage
    16 | D        | Reached XP level 5. HP: 20/53 MP: 4/4
    18 | D        | Killed a necrophage
    19 | D        | Killed a necrophage
    20 | D        | Reached skill level 5 in Axes
    20 | D        | Reached XP level 6. HP: 27/66 MP: 5/5
   208 | D        | Noticed a neqoxec
   208 | D        | Noticed a neqoxec
   208 | D        | Noticed a neqoxec
   208 | D        | Noticed a neqoxec
   208 | D        | Gained mutation: You tend to lose your temper in combat. [a
                  | neqoxec]
   210 | D        | Gained mutation: Your magical capacity is low. (-10% MP) [a
                  | neqoxec]
   220 | D        | Killed a neqoxec
   221 | D        | Reached skill level 10 in Fighting
   221 | D        | Reached skill level 10 in Armour
   221 | D        | HP: 2/67 [neqoxec (4)]
   221 | D        | Mangled by a neqoxec

Illustrated notes

Levels and vault maps discovered:
D:        the_violet_keep_of_menkaure [sprint2_stairs_cluster_1,
          sprint2_shoproom, sprint2_temple, sprint2_basic_supplies,
          sprint2_obstacle_2, sprint2_obstacle_4, sprint2_obstacle_1,
          sprint2_obstacle_3, sprint2_obstacle_6, sprint2_timed_cluster_1,
          sprint2_smallroom_cluster_1, sprint2_smallroom_final_cluster_1,
          sprint2_transparent_cluster_1, sprint2_second_timed_cluster_1,
          sprint2_sniper_area_1, sprint2_heavy_combat_area_1,
          sprint2_mutation_trap_area_1, sprint2_forest_area_1,
          sprint2_light_combat_area_1, sprint2_behind_water_1,
          sprint2_near_end_vault_1]

Skill      XL: |  1  2  3  4  5  6 |
---------------+-------------------+-----
Fighting       | 6 8 9 10 | 10.4
Axes           | 3 4 5 6 |  6.2
Armour         | 6 8 9 10 | 10.6
Shields        | 6 7 9 |  9.7

Action                   |  1- 3 |  4- 6 || total
-------------------------+-------+-------++-------
Melee: War axe           |     6 |    17 ||    23
       Headbutt          |     1 |     4 ||     5
  Use: Potion            |     1 |       ||     1
Armor: Scale mail        |     3 |     5 ||     8
Dodge: Dodged            |     2 |    10 ||    12
Block: Buckler           |     2 |     3 ||     5
